 Dungeon Crawl Stone Soup version 0.27-a0-1359-ga2a4dfd6fd (webtiles) character file.

Game seed: 17170497170338790401

672 basicallysejuani the Ruffian (level 7, -1/62 HPs)
             Began as a Troll Enchanter on June 29, 2021.
             Succumbed to a gnoll's poison
             ... on level 4 of the Dungeon.
             The game lasted 00:16:18 (2712 turns).

basicallysejuani the Ruffian (Troll Enchanter)      Turns: 2712, Time: 00:16:19

Health: -1/62      AC:  5    Str: 18    XL:     7   Next: 32%
Magic:  7/7        EV: 10    Int: 11    God:
Gold:   192        SH:  0    Dex: 17    Spells: 5/8 levels left

rFire    . . .     SeeInvis .     - Unarmed
rCold    . . .     Faith    .   (no shield)
rNeg     . . .     Spirit   .   b - +0 robe
rPois    .         Reflect  .   (helmet restricted)
rElec    .         Harm     .   h - +0 cloak
rCorr    .         Rampage  .   (gloves unavailable)
Will     .....                  (boots unavailable)
Stlth    ++........             (no amulet)
HPRegen  1.20/turn              s - +6 ring of dexterity
MPRegen  0.10/turn              t - ring of wizardry

@: mighty, lethally poisoned (-1 -> -6), attractive
A: large, unfitting armour, claws 3, regeneration 1, shaggy fur 1, tough skin 1
a: no special abilities


You were on level 4 of the Dungeon.
You visited 1 branch of the dungeon, and saw 4 of its levels.

You collected 192 gold pieces.

Inventory:

Hand Weapons
 a - a +1 dagger
 e - a +0 dagger of distortion
 g - a +2 quarterstaff of chaos
 o - a +1 long sword of flaming
 x - a +0 giant club
Missiles
 f - 12 boomerangs (quivered)
 r - 20 sling bullets
 w - 4 poisoned darts
Armour
 b - a +0 robe (worn)
 h - a +0 cloak (worn)
Jewellery
 s - a +6 ring of dexterity (left claw)
 t - a ring of wizardry (right claw)
Scrolls
 c - 3 scrolls of identify {unknown}
 d - a scroll of immolation {unknown}
 i - a scroll of enchant weapon {unknown}
 m - a scroll of amnesia {unknown}
 v - a scroll of holy word {unknown}
 y - a scroll of silence {unknown}
Potions
 j - a potion of berserk rage {unknown}
 k - 2 potions of attraction
 l - a potion of might
 n - a potion of haste {unknown}
 p - a potion of invisibility {unknown}
 q - a potion of degeneration {unknown}
 u - a potion of heal wounds {unknown}


   Skills:
 - Level 1.4 Fighting
 - Level 0.7 Short Blades
 - Level 1.5 Dodging
 - Level 1.5 Stealth
 + Level 7.6 Unarmed Combat
 - Level 1.2 Spellcasting
 - Level 2.0 Hexes


You had 5 spell levels left.
You knew the following spells:

 Your Spells              Type           Power      Damage    Failure   Level
a - Corona                Hex            5%         N/A       6%          1
b - Slow                  Hex            5%         N/A       9%          2

Your spell library contained the following spells:

 Spells                   Type           Power      Damage    Failure   Level
 Animate Skeleton         Necr           0%         N/A       13%         1
 Pain                     Necr           0%         1d4       13%         1
 Ensorcelled Hibernation  Hex/Ice        4%         N/A       13%         2
 Confusing Touch          Hex            5%         N/A       16%         3
 Tukima's Dance           Hex            5%         N/A       16%         3
 Dazzling Flash           Conj/Hex       4%         N/A       26%         3
 Inner Flame              Hex/Fire       2%         N/A       26%         3
 Portal Projectile        Hex/Tloc       4%         N/A       26%         3
 Vampiric Draining        Necr           0%         2d6       34%         3
 Cause Fear               Hex            2%         N/A       45%         4
 Leda's Liquefaction      Hex/Erth       1%         N/A       61%         4
 Animate Dead             Necr           0%         N/A       75%         4
 Agony                    Necr           0%         N/A       96%         5


Dungeon Overview and Level Annotations

Branches:
Dungeon (4/15)
 Temple: D:4-7

Altars:
Cheibriados

Annotations:
D:4 2 transporters


Innate Abilities, Weirdness & Mutations

You are too large for most types of armour.
You have claws for hands.
Your natural rate of healing is unusually fast.
You are covered in fur. (AC +1)
You have tough skin. (AC +1)


Message History

A gnoll comes into view. It is wielding a +0 flail.
The gnoll hits you from afar with a +0 spear of venom.
You are poisoned.
The gnoll closely misses you.
The gnoll moves out of view.
Things that are here:
a +0 whip; a +0 robe; a gnoll corpse You claw the gnoll!
You kill the gnoll!
You feel very sick.
The gnoll hits you from afar with a +0 spear of venom.
You are more poisoned.
You feel very sick.
The gnoll hits you with a +0 spear of venom.
You are more poisoned.
You see here a +0 spear.
You barely miss the gnoll.
You feel very sick. The gnoll closely misses you.
The goblin hits you with a +0 dagger.
* * * LOW HITPOINT WARNING * * *
Okay, then.
You feel very sick.
The gnoll hits you from afar with a +0 spear of venom.
* * * LOW HITPOINT WARNING * * *
You are lethally poisoned!
Things that are here:
a +0 whip; a +0 robe; a gnoll corpse
* * * LOW HITPOINT WARNING * * *
You feel very sick.
Things that are here:
a +0 club; a +0 club; a gnoll corpse
* * * LOW HITPOINT WARNING * * *
You feel very sick.
It was a potion of attraction.
You feel attractive to monsters.
* * * LOW HITPOINT WARNING * * *
You feel very sick. The goblin misses you.
It was a potion of might.
You feel very mighty all of a sudden.
You die...

≈.. ####.....).#.. ... #####
######....# ..## ##..... #)..#
...>### .... .'..... #...#
#.#### ..# ##.....
#...######+#### ..# .......
#.............# ..# .......
#.............# ..# #......
##.............#
..##.........###@.............#
.............ggg..............#
≈≈≈≈≈≈≈...≈≈≈≈≈≈≈≈≈≈≈.........#
≈≈≈≈≈≈≈...≈≈≈≈≈≈≈≈≈≈≈.........#
###...........#####≈≈.........#
#.#.###.©.###.#g#g#≈≈..########
..# # #####g###..g#≈≈..# #..
... ......###≈≈..# #.#
##+######.#8.≈≈..#


You could see 3 gnolls and a goblin.

Vanquished Creatures
  A sky beast (D:4)
  An ogre (D:4)
  A centaur (D:4)
  A howler monkey (D:3)
  A jelly (D:3)
  Crazy Yiuf (D:2)
  2 orc priests
  A gnoll shaman (D:4)
  A centaur skeleton (D:4)
  An orc wizard (D:4)
  A mummy (D:3)
  3 gnolls (D:4)
  4 adders
  An ufetubus (D:4)
  2 worms
  4 dart slugs
  13 orcs
  3 ball pythons
  2 bats
  7 endoplasms
  A giant cockroach (D:1)
  4 goblins
  9 hobgoblins
  4 jackals
  6 quokkas
  A frilled lizard (D:3)
  12 kobolds
  4 rats
92 creatures vanquished.

Vanquished Creatures (others)
  A plant (D:4)
1 creature vanquished.

Grand Total: 93 creatures vanquished

Notes
Turn   | Place    | Note
-------+----------+-------------------------------------------
     0 | D:1      | basicallysejuani the Troll Enchanter began the quest for
                  | the Orb.
     0 | D:1      | Reached XP level 1. HP: 16/16 MP: 1/1
   137 | D:1      | Reached skill level 1 in Unarmed Combat
   142 | D:1      | Reached XP level 2. HP: 26/26 MP: 2/2
   158 | D:1      | Reached skill level 1 in Fighting
   508 | D:1      | Reached XP level 3. HP: 33/33 MP: 3/3
   958 | D:2      | Reached skill level 2 in Unarmed Combat
  1006 | D:2      | Found a runed translucent door.
  1007 | D:2      | Noticed Crazy Yiuf
  1044 | D:2      | Killed Crazy Yiuf
  1045 | D:2      | Reached skill level 3 in Unarmed Combat
  1045 | D:2      | Reached XP level 4. HP: 35/41 MP: 4/4
  1480 | D:3      | Reached skill level 4 in Unarmed Combat
  1484 | D:3      | Reached XP level 5. HP: 46/48 MP: 5/5
  1977 | D:3      | Reached skill level 5 in Unarmed Combat
  2026 | D:3      | Learned a level 2 spell: Slow
  2051 | D:3      | Found a snail-covered altar of Cheibriados.
  2243 | D:4      | Reached XP level 6. HP: 48/55 MP: 6/6
  2316 | D:4      | Reached skill level 6 in Unarmed Combat
  2449 | D:4      | Noticed a sky beast
  2472 | D:4      | Killed a sky beast
  2476 | D:4      | Reached skill level 7 in Unarmed Combat
  2476 | D:4      | Reached XP level 7. HP: 62/62 MP: 7/7
  2589 | D:4      | Found a transporter.
  2676 | D:4      | Found a transporter.
  2711 | D:4      | HP: 1/62 [poisoned by a gnoll]
  2712 | D:4      | Succumbed to a gnoll's poison

Illustrated notes

Levels and vault maps discovered:
D:1:      pf_arrival_petrified_forest, layout_basic
D:2:      layout_rooms, uniq_crazy_yiuf_cottage
D:3:      layout_loops_ring, slow_altar_2, columned_hall_lemuel, minmay_circle_x
D:4:      layout_basic, kennysheep_little_box, gammafunk_ghost_gnarly_gnolls,
          st_stairs_9, kennysheep_decorative_pillar, minmay_stone_trees_medium,
          grunt_ministairs_1

Skill      XL: |  1  2  3  4  5  6 |
---------------+-------------------+-----
Unarmed Combat | 1 3 4 5 7 |  7.6
Fighting       | 1 |  1.4
Short Blades   | |  0.7
Dodging        | |  1.5
Stealth        | |  1.5
Spellcasting   | |  1.2
Hexes          | |  2.0

Action                   |  1- 3 |  4- 6 |  7- 9 || total
-------------------------+-------+-------+-------++-------
Melee: Unarmed           |    94 |   159 |    31 ||   284
       Punch             |       |     1 |       ||     1
Throw: Boomerang         |       |     4 |       ||     4
  Use: Potion            |       |       |     2 ||     2
 Stab: Sleeping          |     5 |     3 |     1 ||     9
       Distracted        |       |     1 |       ||     1
Armor: Robe              |    17 |    53 |     6 ||    76
Dodge: Dodged            |    31 |    65 |    17 ||   113

Table legend: (Time is in decaauts)
 A = Elapsed time spent in this place.
 B = Non-inter-level travel time spent in this place.
 C = Inter-level travel time spent in this place.
 D = Time resting spent in this place.
 E = Time spent auto-exploring this place.
 F = Levels seen in this place.
 G = Mean time per level.
                   A        B        C        D        E       F      G
               +--------+--------+--------+--------+--------+-----+--------+
         Total |   2692 |   2477 |    215 |      0 |   1758 |   4 |  673.0 |
       Dungeon |   2692 |   2477 |    215 |      0 |   1758 |   4 |  673.0 |
               +--------+--------+--------+--------+--------+-----+--------+

Top non-repeatable levels by time:
     D:1: 942 daAuts
     D:3: 764 daAuts
     D:2: 506 daAuts
     D:4: 479 daAuts
